AoeStats
← Whololo_95

Migration

510130797Analyzed
1v1 RM · 3d ago on Sep 29, 2026· 64m 14s· 2 players
Game mode
Random Map
Map size
132×132
Population
200
Speed
Normal
Resources
Standard
Victory
Conquest
Starting age
Dark Age
Ending age
Imperial Age
RankedLock teamsTeams togetherTeam positionsShared explorationLock speedFull tech treeHidden civsTurbo modeCheats
Victory
Defeat
🇩🇪 Varangians · Germany
776
+16
🇨🇴 Japanese · Colombia
778
-40
Whololo_95
11:22 Feudal Age
12:49 Wheelbarrow
12:40 Double-Bit Axe
12:45 Horse Collar
14:49 Gold Mining
20:43 Castle Age
19:27 Fishing Lines
21:54 Medium Warships
31:06 Ballistics
30:58 Clinker Construction
31:01 Careening
33:51 Bow Saw
33:34 Stone Mining
34:23 Masonry
34:13 Heated Shot
41:36 Forging
41:27 Scale Mail Armor
42:46 Arson
45:41 Iron Casting
45:22 Chain Mail Armor
48:51 Hand Cart
53:40 Imperial Age
54:59 Carvel Hull
54:50 Elite Longship
57:17 Heavy Warships
59:02 Two-Man Saw
58:41 Stone Shaft Mining
58:13 Fletching
59:24 Blast Furnace
58:54 Plate Mail Armor
60:15 Bodkin Arrow
62:08 Shipwright
62:31 Dry Dock
leo buitragoxbx
0:29 Loom
12:52 Feudal Age
13:40 Double-Bit Axe
13:50 Gold Mining
13:51 Stone Mining
15:13 Wheelbarrow
14:52 Fishing Lines
20:58 Castle Age
19:15 Town Watch
19:19 Horse Collar
20:21 Bloodlines
20:19 Scale Barding Armor
21:30 Gillnets
22:32 Bow Saw
25:08 Hand Cart
26:25 Demolition Ship
30:08 Guard Tower
30:00 Treadmill Crane
34:17 Imperial Age
33:34 Heavy Plow
33:48 Town Patrol
34:31 Medium Warships
34:49 Fervor
35:23 Cavalier
36:03 Husbandry
40:27 Heavy Warships
42:33 Two-Man Saw
43:31 Chemistry
43:07 Keep
42:53 Ballistics
42:19 Arrowslits
42:30 Murder Holes
43:45 Conscription
43:28 Yasama
43:50 Kataparuto
47:03 Elite Samurai
48:10 Forging
48:01 Scale Mail Armor
51:04 Iron Casting
50:45 Chain Mail Armor
63:26 Hoardings
63:25 Elite Cannon Galleon
Connection lost

Rejoining the realm…

Still unreachable

The connection could not be restored.

Session expired

The server has moved on; the page needs a fresh start.